 Dungeon Crawl Stone Soup version 0.31-a0-237-g2d982f9f85 (webtiles) character file.

Game seed: 10116571157591137691

76 qw the Shooter (level 4, -3/36 HPs)
             Began as a Minotaur Hexslinger on July 10, 2023.
             Slain by an adder (4 damage)
             ... on level 2 of the Dungeon.
             The game lasted 00:00:32 (1280 turns).

qw the Shooter (Minotaur Hexslinger)                Turns: 1280, Time: 00:00:33

Health: -3/36      AC:  2    Str: 13    XL:     4   Next: 12%
Magic:  4/4        EV: 12    Int: 10    God:
Gold:   103        SH:  0    Dex: 14    Spells: 4/5 levels left

rFire   . . .        Y - +1 sling
rCold   . . .        (no shield)
rNeg    . . .        c - +0 robe
rPois   .            (helmet restricted)
rElec   .            (no cloak)
rCorr   .            (no gloves)
SInv    .            (no boots)
Will    .....        (no amulet)
Stlth   +            (no ring)
HPRegen 0.26/turn    (no ring)
MPRegen 0.09/turn

%: no passive effects
@: lethally poisoned (-3 -> -4)
A: horns 2, retaliatory headbutt
a: no special abilities


You were on level 2 of the Dungeon.
You visited 1 branch of the dungeon, and saw 2 of its levels.

You collected 103 gold pieces.


Innate Abilities, Weirdness & Mutations

You have a pair of horns on your head.
You reflexively headbutt those who attack you in melee.


   Skills:
 - Level 2.0 Fighting
 + Level 4.6 Ranged Weapons
 - Level 2.1 Dodging
 - Level 1.0 Spellcasting
 - Level 2.0 Hexes


You had 4 spell levels left.
You knew the following spells:

 Your Spells              Type           Power      Damage    Failure   Level
a - Slow                  Hex            16%        N/A       16%         1

Your spell library contained the following spells:

 Spells                   Type           Power      Damage    Failure   Level
 Inner Flame              Hex/Fire       2%         N/A       56%         3
 Portal Projectile        Hex/Tloc       4%         N/A       56%         3
 Cause Fear               Hex            2%         N/A       83%         4

Inventory:

Hand Weapons
 Y - a +1 sling (weapon)
Armour
 c - a +0 robe (worn)
Scrolls
 a - a scroll of amnesia {unknown}
 b - a scroll of revelation {unknown}
 d - a scroll of identify {unknown}
Potions
 e - a potion of enlightenment {unknown}
 g - a potion of curing {unknown}
 h - a potion of degeneration {unknown}
 m - a potion of heal wounds {unknown}

Dungeon Overview and Level Annotations

Branches:
Dungeon (2/15)

Altars:


Message History

The adder barely misses you. The adder bites you.
You shoot a sling bullet. The sling bullet misses the adder.
The sling bullet barely misses the adder.
The adder bites you.
You are poisoned.
The adder poisons you!
You shoot a sling bullet. The sling bullet hits the adder.
The adder is moderately wounded.
You feel sick. The adder bites you. x2
You shoot a sling bullet.
The sling bullet barely misses the adder. x2
You feel sick. The adder bites you.
You are more poisoned.
The adder poisons you!
You shoot a sling bullet. The sling bullet hits the adder.
The adder is almost dead.
You feel sick. The adder closely misses you. The adder barely misses you.
You shoot a sling bullet. The sling bullet hits the adder.
The adder is almost dead.
You feel sick. The adder bites you. x2
You are lethally poisoned!
The adder poisons you!
You shoot a sling bullet. The sling bullet hits the adder.
You kill the adder!
You feel very sick. The adder bites you.
You have reached level 4!
You feel stronger.
You shoot a sling bullet. The sling bullet hits the adder.
The adder is almost dead.
You feel sick. The adder barely misses you.
You shoot a sling bullet.
The sling bullet closely misses the adder.
You feel sick. The adder barely misses you. x2
You shoot a sling bullet.
The sling bullet closely misses the adder.
You feel sick. The adder bites you but does no damage.
You shoot a sling bullet.
The sling bullet closely misses the adder.
You feel sick. The adder bites you.
You die...

.......# ......#
.....# ....# ....
..# #S# #..# #@#
#..# ###########
#.# #..##
..........# #.#
###....
####....#.# #.#
..... #....#.# #.#
#..# #....#.# #.#
.#####..####
##.###.#
#.#..#............
#.# #.#
#.#..#######..####
#.# #.#
#.#...........# #


You could see an adder.

Vanquished Creatures
  3 adders (D:2)
  4 dart slugs (D:1)
  4 ball pythons
  2 bats (D:1)
  4 endoplasms (D:1)
  A giant cockroach (D:1)
  A goblin (D:1)
  3 hobgoblins
  3 jackals (D:1)
  3 quokkas
  3 frilled lizards
  6 kobolds
  4 rats (D:2)
41 creatures vanquished.

Notes
Turn   | Place    | Note
-------+----------+-------------------------------------------
     0 | D:1      | qw the Minotaur Hexslinger began the quest for the Orb.
     0 | D:1      | Reached XP level 1. HP: 16/16 MP: 1/1
     0 | D:1      | 0 ||| qw: Version: 0.3-a-52-g30416fa
     0 | D:1      | 0 ||| qw: Game counter: 5309
     0 | D:1      | 0 ||| qw: Melee chars always use a shield: true
     0 | D:1      | 0 ||| qw: God list: Okawaru
     0 | D:1      | 0 ||| qw: Allow faded altars: false
     0 | D:1      | 0 ||| qw: Do Orc after clearing Dungeon:15 true
     0 | D:1      | 0 ||| qw: Do second Lair branch before Depths: true
     0 | D:1      | 0 ||| qw: Lair rune preference: random
     0 | D:1      | 0 ||| qw: Goals: Normal
     0 | D:1      | 0 ||| PLANNING D:1-11
    78 | D:1      | Reached skill level 3 in Ranged Weapons
   110 | D:1      | Reached XP level 2. HP: 23/23 MP: 2/2
   310 | D:1      | Reached XP level 3. HP: 29/29 MP: 3/3
   525 | D:1      | 525 ||| DROPPING amulet of magic regeneration.
   526 | D:1      | 526 ||| DROPPING ring of magical power.
   527 | D:1      | 527 ||| READING 2 scrolls labelled LUIN XETUWKA.
   528 | D:1      | 528 ||| READING scroll labelled IGO OKLUGIERO.
   529 | D:1      | 529 ||| READING scroll labelled PEKUSCH GYTTEMU.
   532 | D:1      | 532 ||| READING scroll labelled DECKUO OCSOIQ.
   533 | D:1      | 533 ||| DRINKING 2 grey potions.
   567 | D:1      | 567 ||| DROPPING scroll of vulnerability.
   568 | D:1      | 568 ||| DROPPING scroll of poison.
   569 | D:1      | 569 ||| DROPPING potion of lignification.
  1009 | D:2      | Reached skill level 4 in Ranged Weapons
  1113 | D:2      | Found a faded altar of an unknown god.
  1276 | D:2      | HP: 7/29 [poisoned by an adder]
  1277 | D:2      | Reached XP level 4. HP: 6/36 MP: 4/4
  1278 | D:2      | HP: 3/36 [poisoned by an adder]
  1280 | D:2      | HP: 1/36 [poisoned by an adder]
  1280 | D:2      | Slain by an adder

Levels and vault maps discovered:
D:1:      saegor_arrival_simple_a, layout_rooms
D:2:      layout_basic, serial_curves, eino_curves_02, eino_curves_04,
          hellmonk_ecumenical_altar_run_dry

Skill      XL: |  1  2  3 |
---------------+----------+-----
Ranged Weapons | 3 4 |  4.6
Fighting       | 2 |  2.0
Dodging        | |  2.1
Spellcasting   | |  1.0
Hexes          | |  2.0

Action                     |  1- 3 |  4- 6 || total
---------------------------+-------+-------++-------
   Fire: Sling             |   118 |     4 ||   122
    Use: Scroll            |     4 |       ||     4
         Potion            |     1 |       ||     1
 Armour: Robe              |     5 |     1 ||     6
  Dodge: Dodged            |    23 |     3 ||    26

Table legend:
 A = Non-vault XP
 B = Vault XP
 C = Vault XP percentage of total XP
 D = Non-vault monster count
 E = Vault monster count
 F = Vault count percentage of total count
                 A         B        C        D         E       F
            +---------+---------+-------+---------+---------+-------
      Total |     109 |       0 |   0.0 |      41 |       0 |   0.0
            +---------+---------+-------+---------+---------+-------
        D:1 |      50 |       0 |   0.0 |      24 |       0 |   0.0
        D:2 |      59 |       0 |   0.0 |      17 |       0 |   0.0
            +---------+---------+-------+---------+---------+-------
